 Dungeon Crawl Stone Soup version bcrawl-1.12-8-g964540c432 (webtiles) character file.

Game seed: 13190260199278436623

4601 Banto the Basher (level 10, -14/93 HPs)
             Began as a Sand Dwarf Gladiator on June 4, 2019.
             Was a Priest of Cheibriados.
             Demolished by a red devil
             ... wielding a +0 trident
             ... summoned by an orc high priest
              (17 damage)
             ... in a bailey.
             The game lasted 00:09:50 (8265 turns).

Banto the Basher (Sand Dwarf Gladiator)             Turns: 8265, Time: 00:09:51

Health: -14/93     AC: 12    Str: 29    XL:     10   Next: 42%
Magic:  5/10       EV: 14    Int: 17    God:    Cheibriados [***...]
Gold:   245        SH:  7    Dex: 24    Spells: 7/9 levels left

rFire    + . .     SeeInvis .   i - +3 hand axe (freeze)
rCold    . . .     Gourm    .   A - +0 buckler
rNeg     . . .     Faith    .   g - +0 scale mail
rPois    .         Spirit   .   l - +1 helmet
rElec    +         Reflect  .   (no cloak)
rCorr    +         Harm     .   r - +0 pair of gloves of Disappointment {+Fly rElec rF+} (curse)
MR       +....                  (no boots)
Stlth    +.........             (no amulet)
HPRegen  0.25/turn              n - +3 ring of dexterity
MPRegen  0.12/turn              B - ring of resist corrosion

@: studying Armour, very slow
A: small, slowness 1, armour attunement
a: Bend Time, Temporal Distortion, Renounce Religion, Evoke Flight


You were in a bailey.
You worshipped Cheibriados.
Cheibriados was most pleased with you.
You were not hungry.

You visited 2 branches of the dungeon, and saw 9 of its levels.
You also visited: Bailey.

You collected 540 gold pieces.
You spent 295 gold pieces at shops.

Inventory:

Hand Weapons
 c - a +1 flail of protection
 i - a +3 hand axe of freezing (weapon)
Missiles
 d - 3 throwing nets (quivered) {!f}
Armour
 g - a +0 scale mail (worn)
 l - a +1 helmet (worn)
 r - the cursed +0 pair of gloves of Disappointment (worn) {+Fly rElec rF+}
   (You bought it in a shop on level 5 of the Dungeon)

   It protects you from fire.
   It insulates you from electricity.
   It lets you fly.
   It has a curse placed upon it.
 A - a +0 buckler (worn)
Jewellery
 a - an uncursed ring of fire
 n - a +3 ring of dexterity (left hand)
 p - an uncursed ring of ice
 B - a ring of resist corrosion (right hand)
Wands
 o - a wand of polymorph (18)
 t - a wand of acid (5)
 u - a wand of enslavement (7)
 v - a wand of iceblast (9)
 y - a wand of disintegration (20)
Scrolls
 e - 9 scrolls of remove curse
 h - 2 scrolls of fog
 j - 5 scrolls of teleportation
 m - a scroll of immolation
 q - 2 scrolls of enchant weapon
 w - 2 scrolls of identify
 D - a scroll of amnesia {unknown}
Potions
 k - a potion of mutation
 s - a potion of resistance
 x - a potion of degeneration {unknown}
Books
 z - a manual of Armour
Comestibles
 f - 22 rations {!d}
 C - 11 chunks of flesh


   Skills:
 + Level 10.2 Fighting
 - Level 12.0 Maces & Flails
 - Level 2.0 Throwing
 - Level 10.1 Armour
 - Level 2.4 Dodging
 - Level 4.9 Shields


You had 7 spell levels left.
You knew the following spells:

 Your Spells              Type           Power        Failure   Level  Hunger
a - Blink                 Tloc           N/A          36%         2    ###....

Your spell library contained the following spells:

 Spells                   Type           Power        Failure   Level  Hunger
 Beastly Appendage        Tmut           #.....       24%         1    ##.....
 Corona                   Hex            #......      24%         1    ##.....
 Magic Dart               Conj           #...         24%         1    ##.....
 Slow                     Hex            #.......     24%         1    ##.....
 Call Imp                 Summ           #.......     36%         2    ###....
 Shackle                  Hex            #.......     36%         2    ###....
 Sticks to Snakes         Tmut           #.......     36%         2    ###....
 Conjure Flame            Conj/Fire      #.......     58%         3    ####...
 False Image              Hex/Summ       #.......     58%         3    ####...
 Inner Flame              Hex/Fire       N/A          58%         3    ####...
 Mephitic Cloud           Conj/Pois/Air  #.......     58%         3    ####...
 Spider Form              Tmut/Pois      #.........   58%         3    ####...
 Cause Fear               Hex            #.........   94%         4    #####..
 Ice Form                 Ice/Tmut       #.......     94%         4    #####..
 Yara's Violent Unravell  Hex/Tmut       #.........   94%         4    #####..
 Blade Hands              Tmut           #.........   100%        5    ######.


Dungeon Overview and Level Annotations

Branches:
Dungeon (8/12)             Temple (1/1) D:4
   Lair: D:7-10         Orc: D:8-11

Altars:
Ashenzari
Cheibriados
Dithmenos
Elyvilon
Fedhas
Hepliaklqana
Kikubaaqudgha
Lugonu
Makhleb
Nemelex Xobeh
Okawaru
Qazlal
Ru
Sif Muna
Trog
Vehumet
Wu Jian
Xom
Yredelemnul
Zin
The Shining One

Shops:
D:5 [


Innate Abilities, Weirdness & Mutations

You are small and have problems with some larger weapons.
You cover ground slowly.
Armour does not affect your spellcasting.


Message History

You block the red devil's attack.
The orc high priest hits you but does no damage.
The ice devil hits you.
* * * LOW HITPOINT WARNING * * *
The ice devil freezes you!
* * * LOW HITPOINT WARNING * * *
The hellwing hits you!
* * * LOW HITPOINT WARNING * * *
The hellwing hits you but does no damage.
Unknown command.
Unknown command.
Unknown command.
Okay, then.
You barely miss the orc high priest.
The orc high priest is severely wounded.
You hit the hellwing but do no damage. You hit the ice devil but do no damage.
You hit the orc warrior. You freeze the orc warrior.
The orc warrior misses you.
The red devil hits you from afar with a +0 trident!
You die...

#..% ..% #######
..o....#+## ._o.......+
.....g..8.# ..oo.o..4.#
###o8.# #######4@o..#
#.....#..48.#
#.....#.....#
#..⌠..#..####
+.....'..# +)))..'..#
#####'''#####
#...........#
######≈≈≈≈...≈≈≈≈######


You could see an orc high priest, a hellwing, an ice devil, a red devil and an
orc warrior.

Vanquished Creatures
  An orc sorcerer (Bailey)
  A tengu conjurer (D:7)
  A yak (D:7)
  Sigmund (D:6)
  3 hogs (D:7)
  A human (D:7)
  An acid dragon (D:7)
  4 sky beasts
  2 orc warriors
  4 ice beasts
  An ogre (D:7)
  A necrophage (D:8)
  3 centaurs
  2 bullfrogs
  5 big kobolds (D:3)
  A howler monkey (D:5)
  3 crimson imps
  A centaur zombie (D:5)
  A quasit (D:6)
  A bullfrog zombie (D:4)
  A hound (D:4)
  A jelly (D:8)
  4 orc priests
  3 bullfrog skeletons
  5 orc wizards
  Jessica (D:2)
  Terence (D:2)
  2 iguanas
  3 worker ants
  A killer bee zombie (D:7)
  Robin (D:3)
  A howler monkey zombie (D:7)
  4 gnolls
  9 adders
  A shadow imp (D:5)
  3 oozes
  An adder skeleton (D:6)
  An adder zombie (D:8)
  8 worms
  6 leopard geckos
  25 orcs
  4 giant cockroaches
  20 goblins
  11 hobgoblins
  14 jackals
  43 kobolds
  3 quokkas
  5 bats
  5 frilled lizards
  A goblin skeleton (D:4)
  A goblin zombie (D:4)
  4 hobgoblin zombies (D:4)
  2 kobold zombies (D:4)
  3 orc skeletons (D:4)
  A quokka zombie (D:6)
  4 rats
  A rat zombie (D:6)
242 creatures vanquished.

Notes
Turn   | Place    | Note
-------+----------+-------------------------------------------
     0 | D:1      | Banto the Sand Dwarf Gladiator began the quest for the Orb.
     0 | D:1      | Reached XP level 1. HP: 18/18 MP: 1/1
    91 | D:1      | Reached skill level 1 in Armour
    91 | D:1      | Reached XP level 2. HP: 20/25 MP: 2/2
   582 | D:1      | Reached skill level 5 in Maces & Flails
   582 | D:1      | Reached XP level 3. HP: 30/31 MP: 3/3
  1283 | D:2      | Reached XP level 4. HP: 40/40 MP: 4/4
  1312 | D:2      | Noticed Terence
  1328 | D:2      | Killed Terence
  1328 | D:2      | Reached XP level 5. HP: 24/46 MP: 5/5
  1520 | D:2      | Noticed Jessica
  1523 | D:2      | Killed Jessica
  1523 | D:2      | Reached skill level 6 in Maces & Flails
  1539 | D:2      | Found an iron altar of Okawaru.
  1903 | D:3      | Noticed a big kobold
  1904 | D:3      | Noticed a big kobold
  1920 | D:3      | Killed a big kobold
  1920 | D:3      | Reached XP level 6. HP: 41/53 MP: 6/6
  1937 | D:3      | Reached skill level 5 in Fighting
  2316 | D:3      | Reached skill level 7 in Maces & Flails
  2384 | D:3      | Reached XP level 7. HP: 56/61 MP: 7/7
  2418 | D:3      | Reached skill level 5 in Armour
  2702 | D:3      | Found a stormy altar of Qazlal.
  2702 | D:3      | Noticed a water elemental
  2715 | D:3      | Reached skill level 8 in Maces & Flails
  2716 | D:3      | Noticed an air elemental
  2716 | D:3      | Noticed a fire elemental
  2847 | D:3      | Found a glowing silver altar of Zin.
  2886 | D:3      | Noticed Robin
  2896 | D:3      | Killed Robin
  3485 | D:4      | Found a staircase to the Ecumenical Temple.
  3506 | Temple   | Entered the Ecumenical Temple
  3538 | Temple   | Became a worshipper of Cheibriados the Contemplative
  3621 | D:4      | Reached XP level 8. HP: 48/71 MP: 8/8
  3813 | D:4      | Found a glowing golden altar of the Shining One.
  3873 | D:4      | Found a glowing golden altar of the Shining One.
  4023 | D:4      | Reached * piety under Cheibriados
  4166 | D:4      | Reached skill level 9 in Maces & Flails
  4288 | D:5      | Entered Level 5 of the Dungeon
  4292 | D:5      | Found Naoqel's Armour Emporium.
  4300 | D:5      | Bought the cursed +0 pair of gloves of Disappointment {+Fly
                  | rElec rF+} for 295 gold pieces
  4524 | D:5      | Found a shadowy altar of Dithmenos.
  4808 | D:5      | Found a shimmering altar of Xom.
  5764 | D:6      | Reached skill level 10 in Maces & Flails
  5924 | D:6      | Found a sacrificial altar of Ru.
  5928 | D:6      | Reached ** piety under Cheibriados
  5930 | D:6      | Reached XP level 9. HP: 80/81 MP: 9/9
  6159 | D:6      | Noticed Sigmund
  6168 | D:6      | Killed Sigmund
  6461 | D:7      | Learned a level 2 spell: Blink
  6950 | D:7      | Found a hazy altar of Hepliaklqana.
  6950 | D:7      | Found a burning altar of Makhleb.
  7204 | D:7      | Reached skill level 11 in Maces & Flails
  7336 | D:7      | Reached *** piety under Cheibriados
  7374 | D:7      | Noticed a tengu conjurer
  7396 | D:7      | Killed a tengu conjurer
  7814 | D:7      | Found a shattered altar of Ashenzari.
  7936 | D:7      | Reached skill level 1 in Shields
  7937 | D:7      | Reached XP level 10. HP: 92/92 MP: 10/10
  7942 | D:7      | Reached skill level 10 in Armour
  7946 | D:7      | Reached skill level 12 in Maces & Flails
  7951 | D:7      | Reached skill level 10 in Fighting
  8174 | D:8      | Found a flagged portal.
  8179 | D:8      | Reached **** piety under Cheibriados
  8193 | Bailey   | Entered a bailey
  8238 | Bailey   | Found an iron altar of Okawaru.
  8238 | Bailey   | Noticed an orc sorcerer
  8238 | Bailey   | Noticed an orc high priest
  8260 | Bailey   | HP: 1/93 [red devil/+0 trident[an orc high priest] (8)]
  8262 | Bailey   | Killed an orc sorcerer
  8265 | Bailey   | Demolished by a red devil

Skill      XL: |  1  2  3  4  5  6  7  8  9 10 |
---------------+-------------------------------+-----
Armour         | 1 2 3 4 6 7 9 10 | 10.1
Fighting       | 3 4 5 6 8 9 10 | 10.2
Maces & Flails | 5 6 7 8 10 11 12 | 12.0
Shields        | 1 4 |  4.9
Throwing       | |  2.0
Dodging        | |  2.4

Action                   |  1- 3 |  4- 6 |  7- 9 | 10-12 || total
-------------------------+-------+-------+-------+-------++-------
Melee: Flail             |    60 |       |       |       ||    60
       Hand axe          |    59 |   135 |   458 |    88 ||   740
Invok: Slouch            |       |       |       |     1 ||     1
Evoke: Wand              |       |       |     1 |       ||     1
  Use: Scroll            |     3 |       |     7 |     1 ||    11
       Potion            |       |     1 |     1 |     1 ||     3
  Eat: Chunk             |     2 |     4 |    12 |     2 ||    20
Armor: Leather armour    |    27 |     4 |       |       ||    31
       Scale mail        |       |    51 |   188 |    25 ||   264
Dodge: Dodged            |   100 |    95 |   340 |    54 ||   589
Block: Buckler           |       |       |     7 |    35 ||    42
